 Dungeon Crawl Stone Soup version 0.17.0 (webtiles) character file.

185 Eucla the Chopper (level 5, -10/46 HPs)
             Began as a Minotaur Gladiator on Nov 10, 2015.
             Killed by nerve-wracking pain
             ... invoked by Grinder
              (11 damage)
             ... on level 3 of the Dungeon.
             The game lasted 00:03:09 (1892 turns).

Eucla the Chopper (Minotaur Gladiator)              Turns: 1892, Time: 00:03:09

Health: -10/46     AC:  6    Str: 25      XL:     5   Next: 37%
Magic:  4/4        EV: 12    Int:  5      God:
Gold:   102        SH:  0    Dex:  9 (11) Spells: 0 memorised, 4 levels left

rFire  . . .     SeeInvis .     a - +0 war axe
rCold  . . .     Clarity  .     p - +0 ring mail (curse)
rNeg   . . .     SustAt   .     (no shield)
rPois  .         Gourm    .     c - +0 hat
rElec  .         Spirit   .     t - +0 cloak
rCorr  .         Warding  .     (no gloves)
rMut   .         Stasis   .     (no boots)
MR     .....                    (no amulet)
Stlth  ..........               n - ring of wizardry
                                h - ring of loudness (curse)

@: mighty, flying, not resistant to hostile enchantments, extremely unstealthy
A: retaliatory headbutt, horns 2
a: no special abilities


You were on level 3 of the Dungeon.
You were not hungry.

You visited 1 branch of the dungeon, and saw 3 of its levels.

You collected 102 gold pieces.

Inventory:

Hand Weapons
 a - a +0 war axe (weapon)
Missiles
 d - 3 throwing nets (quivered)
Armour
 b - a +0 leather armour
 c - a +0 hat (worn)
 p - a cursed +0 ring mail (worn)
 t - a +0 cloak (worn)
Jewellery
 h - a cursed ring of loudness (left hand)
 n - a ring of wizardry (right hand)
Wands
 u - a wand of invisibility (5)
Scrolls
 f - 2 scrolls of immolation {unknown}
 i - 4 scrolls of identify {unknown}
 q - 2 scrolls of remove curse {unknown}
 w - a scroll of magic mapping {unknown}
Potions
 j - a potion of degeneration
 v - a potion of cure mutation {unknown}
Comestibles
 e - 3 bread rations
 k - 2 beef jerkies
 m - 2 meat rations
 r - a slice of pizza


   Skills:
 + Level 3.9 Fighting
 + Level 5.0 Axes
 - Level 2.0 Throwing
 + Level 2.9 Armour
 + Level 4.2 Dodging


You had 4 spell levels left.
You didn't know any spells.

Dungeon Overview and Level Annotations

Branches:
Dungeon (3/15)

Altars:
Trog

Annotations:
D:3 Grinder


Innate Abilities, Weirdness & Mutations

You reflexively headbutt those who attack you in melee.
You have a pair of horns on your head.


Message History

Grinder gestures.
Grinder blinks!
Unknown command.
Unknown command.
Grinder gestures at you.
You suddenly lose the ability to move!
Grinder hits you!
* * * LOW HITPOINT WARNING * * *
You writhe in agony.
* * * LOW HITPOINT WARNING * * *
Grinder gestures.
Grinder blinks!
Grinder gestures at you.
You shrug off the repeated paralysis!
You can move again.
You closely miss Grinder.
Grinder is severely wounded.
Grinder gestures at you. Pain shoots through your body!
You die...

# ################### ..
#>....(............ ...
####(.......#.#####
....###..#........#..#
.........#<.......##.####
........(#.#...#####..##.
#...†)5#...#.# ##.##.
#....#@###.#.# #....
#....#.# #.#.# ##.##
#..#.#.###.#.#######..#
####.#.........)..).<.#
..######.....)...#.# ##
#.........#.#
#.........#..
............##.
###.........##.


You could see Grinder.

Vanquished Creatures
  Crazy Yiuf (D:2)
  Jessica (D:3)
  Robin (D:2)
  2 adders
  3 gnolls (D:2)
  3 giant geckos
  5 bats
  18 goblins
  10 hobgoblins
  3 giant newts
  17 kobolds
  A quokka (D:3)
  11 rats
  3 fungi (D:2)
79 creatures vanquished.

Vanquished Creatures (others)
  A worm (D:2)
  A plant (D:2)
2 creatures vanquished.

Grand Total: 81 creatures vanquished

Notes
Turn   | Place    | Note
--------------------------------------------------------------
     0 | D:1      | Eucla the Minotaur Gladiator began the quest for the Orb.
     0 | D:1      | Reached XP level 1. HP: 18/18 MP: 0/0
    63 | D:1      | Reached skill level 1 in Armour
   108 | D:1      | Reached XP level 2. HP: 20/25 MP: 1/1
   471 | D:2      | Reached XP level 3. HP: 30/30 MP: 2/2
   508 | D:2      | Found a bloodstained altar of Trog.
   523 | D:2      | Reached skill level 4 in Axes
   686 | D:2      | HP: 1/31 [gnoll/spear (6)]
  1096 | D:2      | Reached XP level 4. HP: 25/38 MP: 3/3
  1194 | D:2      | Noticed Robin
  1210 | D:2      | Killed Robin
  1581 | D:2      | Noticed Crazy Yiuf
  1589 | D:2      | Killed Crazy Yiuf
  1589 | D:2      | Reached XP level 5. HP: 27/46 MP: 4/4
  1669 | D:3      | Noticed Jessica
  1676 | D:3      | Killed Jessica
  1842 | D:3      | Reached skill level 5 in Axes
  1870 | D:3      | Noticed Grinder
  1885 | D:3      | Paralysed by Grinder for 7 turns
  1887 | D:3      | HP: 1/46 [Grinder (5)]
  1892 | D:3      | Killed from afar by Grinder

Action                   |  1- 3 |  4- 6 || total
-------------------------+-------+-------++-------
Melee: War axe           |    76 |    89 ||   165
  Use: Potion            |     1 |     4 ||     5
  Eat: Chunk             |       |     3 ||     3
